 Dungeon Crawl Stone Soup version 0.22-a0-553-g9358b0b (webtiles) character file.

17415 emperorscorpion the Martial Artist (level 12, -1/72 HPs)
             Began as an Octopode Transmuter on June 26, 2018.
             Was the Champion of Cheibriados.
             Slain by a centaur warrior (9 damage)
             ... on level 13 of the Dungeon.
             The game lasted 00:32:35 (17235 turns).

emperorscorpion the Martial Artist (OpTm)          Turns: 17235, Time: 00:32:36

Health: -1/72      AC:  2    Str: 25    XL:     12   Next: 47%
Magic:  24/25      EV: 32    Int: 31    God:    Cheibriados [******]
Gold:   580        SH:  0    Dex: 36    Spells: 21/29 levels left

rFire    . . .     SeeInvis .     - Unarmed
rCold    + . .     Gourm    .   (shield currently unavailable)
rNeg     . . .     Faith    +   (helmet currently unavailable)
rPois    .         Spirit   .   w - amulet of faith
rElec    .         Reflect  .   o - ring of protection from cold
rCorr    +         Harm     .   z - ring of resist corrosion
MR       .....     Clarity  +   E - ring of poison resistance
Stlth    +++++.....             (no ring)
HPRegen  0.22/turn              (no ring)
MPRegen  0.19/turn              (no ring)
                                (no ring)
                                (no ring)

@: spider-form, very slow
A: tiny, almost no armour, stealthy swim, (amphibious), 8 rings, (constrict 8),
clarity, mutation resistance 1
a: End Transformation, Bend Time, Temporal Distortion, Slouch, Step From Time,
Renounce Religion


You were on level 13 of the Dungeon.
You worshipped Cheibriados.
Cheibriados was exalted by your worship.
You were not hungry.
You were a venomous arachnid creature.
You visited 2 branches of the dungeon, and saw 14 of its levels.

You collected 622 gold pieces.
You spent 42 gold pieces at shops.

Inventory:

Hand Weapons
 G - a +0 blowgun
Missiles
 a - 193 arrows
 v - 36 poisoned needles
Armour
 D - a +2 shield
Magical Staves
 t - an uncursed staff of poison {unknown}
Jewellery
 o - a ring of protection from cold (left front leg)
 w - an amulet of faith (around neck)
 z - a ring of resist corrosion (right front leg)
 E - a ring of poison resistance (on tentacle)
Wands
 k - a wand of flame (23)
 n - a wand of acid (2)
 r - a wand of paralysis (9)
 y - a wand of digging (19)
Scrolls
 d - 16 scrolls of identify
 f - 2 scrolls of fear
 h - 3 scrolls of enchant weapon
 m - 5 scrolls of remove curse
 s - 8 scrolls of teleportation
 u - 2 scrolls of blinking
 B - a scroll of amnesia
Potions
 b - a potion of resistance
 e - 4 potions of heal wounds
 g - 3 potions of might
 i - 2 potions of flight
 j - 2 potions of curing
 p - 2 potions of agility
 q - 3 potions of ambrosia
 x - 2 potions of brilliance
 A - 2 potions of mutation
 F - 2 potions of invisibility {unknown}
 H - a potion of lignification
Miscellaneous
 C - a lamp of fire (inert)
Comestibles
 c - 22 rations
 l - 7 chunks of flesh


   Skills:
 + Level 3.3 Fighting
 * Level 7.8 Dodging
 - Level 9.3 Stealth
 + Level 12.6 Unarmed Combat
 * Level 9.0 Spellcasting
 - Level 1.4 Hexes
 + Level 5.0 Transmutations
 + Level 0.2 Ice Magic
 + Level 5.2 Poison Magic
 * Level 2.0 Invocations
 + Level 0.4 Evocations


You had 21 spell levels left.
You knew the following spells:

 Your Spells              Type           Power        Failure   Level  Hunger
a - Ice Form              Ice/Tmut       ####....     28%         4    None
b - Spider Form           Tmut/Pois      #####.....   6%          3    None
c - Confusing Touch       Hex            ###...       8%          1    None

Your spell library contained the following spells:

 Spells                   Type           Power        Failure   Level  Hunger
 Confuse                  Hex            ###.....     17%         3    None
 Blade Hands              Tmut           #####.....   30%         5    ###....
 Sticks to Snakes         Tmut           #####...     4%          2    None
 Metabolic Englaciation   Hex/Ice        ###.......   77%         5    ###....
 Petrify                  Tmut/Erth      ####....     30%         4    None
 Beastly Appendage        Tmut           #####.       3%          1    None
 Gell's Gravitas          Tloc           ##........   26%         3    None
 Yara's Violent Unravell  Hex/Tmut       ####......   47%         5    ###....


Dungeon Overview and Level Annotations

Branches:
Dungeon (13/15)            Temple (1/1) D:5            Lair (0/6) D:9
    Orc (0/2) D:9
 Vaults: D:13-14

Altars:
Cheibriados
Fedhas
Gozag
Hepliaklqana
Kikubaaqudgha
Makhleb
Nemelex Xobeh
Ru
Sif Muna
Trog
Uskayaw
Vehumet
Wu Jian
Xom
Yredelemnul
Zin
The Shining One

Shops:
D:4 =[:   D:11 *   D:12 =   D:13 (


Innate Abilities, Weirdness & Mutations

You cannot wear most types of armour.
You are very stealthy in the water. (Stealth+)
((You are amphibious.))
You can wear up to eight rings at the same time.
((You can use your tentacles to constrict eight enemies at once.))
((Your skin changes colour to match your surroundings (Stealth+).))
((Your rubbery body absorbs attacks. (AC +1, EV +1)))
((You have a pair of small antennae on your head.))
((You are partially covered in slimy green scales. (AC +2)))
You possess an exceptional clarity of mind.
You are somewhat resistant to further mutation.


Message History

The centaur warrior is lightly wounded.
The centaur warrior hits you! x2
You bite the centaur warrior!
The centaur warrior is poisoned.
The centaur warrior is moderately wounded.
The centaur warrior closely misses you.
You hit the centaur warrior but do no damage.
The centaur warrior is moderately wounded.
The centaur warrior hits you!
* * * LOW HITPOINT WARNING * * *
Unknown command.
You bite the centaur warrior!
The centaur warrior looks as sick as possible!
The centaur warrior is heavily wounded.
The centaur warrior hits you!
* * * LOW HITPOINT WARNING * * *
You bite the centaur warrior!
The centaur warrior looks as sick as possible!
The centaur warrior is severely wounded.
The centaur warrior hits you!
You die...

########## #######
#.<....... .......
#......... .......
#.........# .......
###.........# %......
###.'(........#
......)##...#.........#
......Kcs.###.........+
.......#### #........?#
#.##### #.........#
###'###### #.# #.# #.#
#.# #.##


You could see a centaur warrior and a kobold.

Vanquished Creatures
  7 two-headed ogres
  A deep elf mage (D:13)
  An ugly thing (D:12)
  3 kobold demonologists
  5 trolls
  2 hornets
  A hippogriff (D:8)
  5 slime creatures
  Grinder (D:3)
  Sigmund (D:4)
  A shadow (D:13)
  4 yaks (D:9)
  2 wyverns (D:13)
  2 wraiths
  Grum (D:10)
  A steam dragon (D:10)
  A hungry ghost (D:12)
  4 wargs (D:11)
  A soldier ant (D:9)
  11 orc warriors
  A swamp drake (D:9)
  2 ice beasts
  4 phantoms
  A black bear (D:12)
  7 ogres
  3 wolves
  A sky beast (D:11)
  5 centaurs
  A crocodile (D:11)
  A big kobold (D:11)
  A bullfrog (D:8)
  A gnoll sergeant (D:8)
  A wyvern skeleton (D:7)
  A water moccasin skeleton (D:7)
  4 killer bees (D:7)
  An electric eel (D:11)
  4 howler monkeys
  7 crimson imps
  A lava snake (D:10)
  7 hounds
  A bullfrog zombie (D:7)
  A centaur zombie (D:10)
  4 quasits
  5 bullfrog skeletons
  5 jellies
  13 orc priests
  4 iguanas
  A centaur skeleton (D:3)
  Ijyb (D:5)
  6 worker ants
  15 orc wizards
  A hound skeleton (D:8)
  A worker ant zombie (D:3)
  A howler monkey zombie (D:7)
  3 gnolls (D:8)
  3 howler monkey skeletons
  15 adders
  A shadow imp (D:13)
  5 oozes (D:11)
  An adder zombie (D:3)
  2 adder skeletons
  2 worms
  4 leopard geckos
  62 orcs
  A ball python (D:4)
  8 bats
  2 giant cockroaches
  6 goblins
  8 hobgoblins
  18 jackals
  9 quokkas
  7 frilled lizards
  A jackal skeleton (D:3)
  A jackal zombie (D:3)
  15 kobolds
  A quokka skeleton (D:3)
  8 rats
351 creatures vanquished.

Vanquished Creatures (others)
  An orc wizard (D:7)
1 creature vanquished.

Grand Total: 352 creatures vanquished

Notes
Turn   | Place    | Note
-------+----------+-------------------------------------------
     0 | D:1      | emperorscorpion the Octopode Transmuter began the quest for the Orb.
     0 | D:1      | Reached XP level 1. HP: 13/13 MP: 3/3
   312 | D:1      | Reached XP level 2. HP: 14/18 MP: 5/5
  1152 | D:2      | Reached XP level 3. HP: 17/23 MP: 6/6
  1250 | D:2      | Learned a level 3 spell: Spider Form
  1319 | D:2      | Reached skill level 4 in Unarmed Combat
  1534 | D:2      | Reached skill level 1 in Stealth
  1717 | D:2      | Reached XP level 4. HP: 13/28 MP: 7/7
  2241 | D:2      | Found a burning altar of Makhleb.
  2257 | D:2      | Reached XP level 5. HP: 33/33 MP: 1/8
  2395 | D:2      | Found a faded altar of an unknown god.
  2866 | D:3      | Reached skill level 5 in Unarmed Combat
  2915 | D:3      | Reached XP level 6. HP: 31/38 MP: 5/9
  3173 | D:3      | Noticed Grinder
  3211 | D:3      | Killed Grinder
  3211 | D:3      | Reached skill level 1 in Poison Magic
  3211 | D:3      | Reached XP level 7. HP: 29/43 MP: 3/11
  3543 | D:3      | Reached skill level 6 in Unarmed Combat
  3721 | D:4      | Found Uzeiler's Armour Shoppe.
  3901 | D:4      | Noticed Sigmund
  3934 | D:4      | Killed Sigmund
  4037 | D:4      | Learned a level 1 spell: Confusing Touch
  4298 | D:4      | Found Sijiurar's Jewellery Emporium.
  4496 | D:4      | Reached XP level 8. HP: 11/49 MP: 5/12
  4746 | D:4      | Found Ossorusa's Book Shoppe.
  4831 | D:5      | Entered Level 5 of the Dungeon
  4832 | D:5      | Found a glowing golden altar of the Shining One.
  4909 | D:5      | Found a bloodstained altar of Trog.
  4978 | D:5      | Reached skill level 1 in Hexes
  4995 | D:5      | Found a staircase to the Ecumenical Temple.
  5004 | Temple   | Entered the Ecumenical Temple
  5067 | Temple   | Became a worshipper of Cheibriados the Contemplative
  5097 | D:5      | Noticed Ijyb
  5127 | D:5      | Killed Ijyb
  5635 | D:5      | Reached skill level 7 in Unarmed Combat
  6353 | D:6      | Reached * piety under Cheibriados
  7101 | D:6      | Reached skill level 5 in Stealth
  7101 | D:6      | Reached skill level 8 in Unarmed Combat
  7101 | D:6      | Reached XP level 9. HP: 54/54 MP: 9/15
  7496 | D:7      | Reached ** piety under Cheibriados
  7674 | D:7      | Reached *** piety under Cheibriados
  8795 | D:8      | Reached skill level 9 in Unarmed Combat
  8842 | D:8      | Reached skill level 5 in Spellcasting
  8860 | D:8      | Found a basalt altar of Yredelemnul.
  8863 | D:8      | Found a glowing silver altar of Zin.
  8868 | D:8      | Found a glowing golden altar of the Shining One.
  9153 | D:8      | Reached skill level 5 in Dodging
  9996 | D:8      | Reached **** piety under Cheibriados
  9996 | D:8      | Reached XP level 10. HP: 58/61 MP: 18/18
 10320 | D:9      | Noticed a two-headed ogre
 10329 | D:9      | Killed a two-headed ogre
 10476 | D:9      | Found a staircase to the Lair.
 10483 | D:9      | Noticed a two-headed ogre
 10564 | D:9      | Killed a two-headed ogre
 10848 | D:9      | Noticed a two-headed ogre
 10866 | D:9      | Killed a two-headed ogre
 10866 | D:9      | Reached skill level 10 in Unarmed Combat
 11397 | D:9      | Reached ***** piety under Cheibriados
 11530 | D:9      | Reached XP level 11. HP: 35/66 MP: 18/21
 11981 | D:9      | Found a staircase to the Orcish Mines.
 12150 | D:10     | Entered Level 10 of the Dungeon
 12150 | D:10     | Noticed a two-headed ogre
 12171 | D:10     | Killed a two-headed ogre
 12494 | D:10     | Noticed Grum
 12681 | D:10     | Killed Grum
 12681 | D:10     | Reached skill level 11 in Unarmed Combat
 13056 | D:11     | Learned a level 4 spell: Ice Form
 13370 | D:11     | Reached ****** piety under Cheibriados
 13882 | D:11     | Noticed a two-headed ogre
 13888 | D:11     | Killed a two-headed ogre
 14285 | D:11     | Noticed a two-headed ogre
 14293 | D:11     | Killed a two-headed ogre
 14469 | D:11     | Found Ifut Tosk's General Store.
 14472 | D:11     | Bought a potion of lignification for 42 gold pieces
 14909 | D:12     | Reached skill level 5 in Poison Magic
 15278 | D:12     | Found Morim's Jewellery Shop.
 15278 | D:12     | Noticed a brown ugly thing
 15643 | D:12     | Killed a brown ugly thing
 15643 | D:12     | Reached XP level 12. HP: 43/72 MP: 21/24
 15650 | D:12     | Gained mutation: You have a pair of small antennae on your head. [potion of mutation]
 15650 | D:12     | Gained mutation: You are partially covered in slimy green scales. (AC +2) [potion of mutation]
 15650 | D:12     | Gained mutation: You are somewhat resistant to further mutation. [potion of mutation]
 15650 | D:12     | Gained mutation: You possess an exceptional clarity of mind. [potion of mutation]
 16060 | D:12     | Reached skill level 12 in Unarmed Combat
 16614 | D:13     | Noticed a two-headed ogre
 16627 | D:12     | Killed a two-headed ogre
 16936 | D:13     | Reached skill level 1 in Invocations
 17056 | D:13     | Found Ijiap's Weapon Boutique.
 17214 | D:13     | Noticed a centaur warrior
 17228 | D:13     | Reached skill level 5 in Transmutations
 17235 | D:13     | Slain by a centaur warrior

Vault maps used:
D:1:      dpeg_arrival_long_road
D:2:      makhleb_grotto_becter, chequers_ecumenical_altar_grove
D:3:      first_ration, serial_undead, serial_undead_c, serial_undead_b,
          serial_undead_b, serial_undead_d, serial_undead_b, uniq_grinder
D:4:      serial_shops, shop, shop, shop, minmay_misc_feat_enclosed,
          wad_floor_pattern_2, uniq_sigmund
D:5:      minmay_temple_entry_trees, basic_altar, trog_book, uniq_ijyb
D:8:      grunt_temple_overflow_diamond
D:9:      lair_entry_dummy, erik_orc_1
D:10:     uniq_grum
D:11:     serial_shops, nicolae_shop_behind_doors,
          hangedman_little_slice_of_home, st_stairs_12, roderic_lattice_a,
          nooodl_orcs_dogs
D:12:     serial_shops, shop
D:13:     minmay_shop_grid_forest
Temple:   eino_narrow_crystal_temple

Skill      XL: |  1  2  3  4  5  6  7  8  9 10 11 12 |
---------------+-------------------------------------+-----
Unarmed Combat | 4 5 6 8 9 10 11 12 | 12.6
Stealth        | 1 2 4 5 7 9 |  9.3
Dodging        | 3 4 5 7 |  7.8
Poison Magic   | 1 2 3 4 5 |  5.2
Spellcasting   | 3 4 5 7 8 9 |  9.0
Hexes          | 1 |  1.4
Fighting       | 2 3 |  3.3
Transmutations | 3 4 5 |  5.0
Invocations    | 2 |  2.0
Ice Magic      | |  0.2
Evocations     | |  0.4

Action                   |  1- 3 |  4- 6 |  7- 9 | 10-12 || total
-------------------------+-------+-------+-------+-------++-------
Melee: Unarmed           |    95 |    99 |   367 |   478 ||  1039
       Constrict         |    22 |    18 |    41 |    15 ||    96
       Tentacles         |     6 |    13 |    40 |    33 ||    92
       Punch             |     1 |     2 |    15 |    15 ||    33
 Cast: Spider Form       |     3 |     9 |    22 |    37 ||    71
       Confusing Touch   |       |       |     8 |    21 ||    29
       Ice Form          |       |       |       |     4 ||     4
 Abil: End Transformatio |       |       |       |     1 ||     1
Evoke: Wand              |       |       |       |     3 ||     3
       Lamp of fire      |       |       |       |     1 ||     1
  Use: Scroll            |       |    10 |     7 |     3 ||    20
       Potion            |       |       |       |     4 ||     4
 Stab: Sleeping          |     2 |     3 |    19 |    25 ||    49
       Distracted        |     1 |       |     1 |     3 ||     5
       Confused          |       |       |     4 |    19 ||    23
  Eat: Chunk             |     3 |     6 |    17 |    12 ||    38
Armor: Skin              |    11 |     7 |     8 |    12 ||    38
Dodge: Dodged            |    78 |    81 |   208 |   459 ||   826

Table legend:
 A = Spawn XP
 B = Non-spawn XP
 C = Spawn XP percentage of total XP
 D = Spawn monster count
 E = Non-spawn monster count
 F = Spawn count percentage of total count
 G = Total turns spent on level
                    A         B        C        D         E        F      G
               +---------+---------+-------+---------+---------+-------+---------
         Total |       0 |   24879 |   0.0 |       0 |     352 |   0.0 | 17235
               +---------+---------+-------+---------+---------+-------+---------
           D:1 |       0 |      26 |   0.0 |       0 |      17 |   0.0 |   993
           D:2 |       0 |     150 |   0.0 |       0 |      35 |   0.0 |  1494
           D:3 |       0 |     499 |   0.0 |       0 |      36 |   0.0 |  1221
           D:4 |       0 |     556 |   0.0 |       0 |      17 |   0.0 |  1123
           D:5 |       0 |     243 |   0.0 |       0 |      11 |   0.0 |  1336
           D:6 |       0 |     942 |   0.0 |       0 |      17 |   0.0 |  1017
           D:7 |       0 |    1087 |   0.0 |       0 |      39 |   0.0 |  1449
           D:8 |       0 |    1148 |   0.0 |       0 |      20 |   0.0 |  1467
           D:9 |       0 |    5560 |   0.0 |       0 |      57 |   0.0 |  2374
          D:10 |       0 |    1841 |   0.0 |       0 |      13 |   0.0 |   439
          D:11 |       0 |    5249 |   0.0 |       0 |      44 |   0.0 |  1826
          D:12 |       0 |    3727 |   0.0 |       0 |      28 |   0.0 |  2057
          D:13 |       0 |    3851 |   0.0 |       0 |      18 |   0.0 |   360
               +---------+---------+-------+---------+---------+-------+---------
